 Dungeon Crawl Stone Soup version 0.31.0-9-g3a7656b989 (webtiles) character file.

Game seed: 1467008978443147219

2699 qw the Markself (level 9, -3/50 HPs)
             Began as a Deep Elf Hunter on Feb 2, 2024.
             Was a Believer of Okawaru.
             Slain by a killer bee (6 damage)
             ... on level 7 of the Dungeon.
             The game lasted 00:00:26 (5393 turns).

qw the Markself (Deep Elf Hunter)                   Turns: 5393, Time: 00:00:27

Health: -3/50      AC: 21    Str: 11    XL:     9   Next: 38%
Magic:  14/14      EV: 11    Int: 14    God:    Okawaru [**....]
Gold:   371        SH:  0    Dex: 22    Spells: 8/8 levels left

rFire   . . .        n - +0 orcbow
rCold   . . .        (shield currently unavailable)
rNeg    . . .        h - +3 scale mail
rPois   +            j - +1 hat
rElec   .            d - +2 cloak
rCorr   .            e - +2 pair of gloves
SInv    .            (no boots)
Will    .....        (no amulet)
Stlth   +            p - ring of poison resistance
HPRegen 0.28/turn    f - +4 ring of protection
MPRegen 0.14/turn

%: no passive effects
@: lethally poisoned (-3 -> -13), about to teleport
A: horns 1, agile 1, shaggy fur 1, inability to read after injury 1
a: Renounce Religion, Heroism


You were on level 7 of the Dungeon.
You worshipped Okawaru.
Okawaru was pleased with you.
You visited 2 branches of the dungeon, and saw 8 of its levels.

You collected 371 gold pieces.


Innate Abilities, Weirdness & Mutations

You have a pair of small horns on your head.
You are agile. (Dex +4, Str/Int -1)
You are covered in fur. (AC +1)
You occasionally lose the ability to read scrolls when taking damage.


   Skills:
 - Level 3.0 Fighting
 - Level 15.0 Ranged Weapons
 - Level 2.0 Armour
 + Level 4.4 Dodging
 - Level 1.2 Stealth
 - Level 4.0 Invocations


You had 8 spell levels left.
You didn't know any spells.
Your spell library was empty.

Inventory:

Hand Weapons
 n - a +0 orcbow (weapon)
Armour
 d - a +2 cloak (worn)
 e - a +2 pair of gloves (worn)
 h - a +3 scale mail (worn)
 j - a +1 hat (worn)
Jewellery
 f - a +4 ring of protection (right hand)
 p - a ring of poison resistance (left hand)
 Y - a ring of resist corrosion
Wands
 b - a wand of charming (3)
 l - a wand of roots (11)
Scrolls
 a - a scroll of poison {unknown}
 c - a scroll of identify
 i - 4 scrolls of teleportation
Potions
 g - 2 potions of heal wounds
 m - a potion of might

Dungeon Overview and Level Annotations

Branches:
Dungeon (7/15)             Temple (1/1) D:4

Altars:
Ashenzari
Cheibriados
Dithmenos
Fedhas
Gozag
Hepliaklqana
Kikubaaqudgha
Okawaru
Qazlal
Ru
Sif Muna
Trog
Uskayaw
Vehumet
Wu Jian
Xom
Yredelemnul
Zin
The Shining One


Message History

The killer bee is heavily wounded.
The killer bee barely misses you. x2
The killer bee stings you but does no damage. x2
The killer bee stings you.
You are poisoned.
The killer bee poisons you! The killer bee stings you.
You are more poisoned.
The killer bee poisons you!
You shoot an arrow.
The arrow closely misses the killer bee.
You feel very sick.
The killer bee stings you but does no damage. x2
The killer bee closely misses you.
The killer bee stings you but does no damage.
The killer bee closely misses you.
The killer bee stings you but does no damage.
You shoot an arrow. The arrow misses the killer bee.
You feel sick. The killer bee barely misses you. The killer bee misses you.
The killer bee completely misses you. The killer bee closely misses you.
The killer bee stings you but does no damage.
The killer bee misses you.
You shoot an arrow. The arrow hits the killer bee!
You kill the killer bee!
Okawaru accepts your kill.
You feel sick. The killer bee misses you.
The killer bee stings you but does no damage.
The killer bee barely misses you. x2
You shoot an arrow. The arrow hits the killer bee.
The killer bee is moderately wounded.
You feel sick.
The killer bee stings you but does no damage.
The killer bee barely misses you. The killer bee stings you!
The killer bee closely misses you.
5393 ||| READING 5 scrolls of teleportation.
As you read the scroll of teleportation, it crumbles to dust.
You feel strangely unstable.
You feel sick. The killer bee barely misses you. The killer bee stings you!
You are more poisoned.
The killer bee poisons you! The killer bee stings you.
You die...

.................#
................#
................#
.........>......##
.................#
.................#
.................#
......y..........#
......y@.....%...#
......%..........#
.................#
.................#
....$............#
.................#
.................#
##################


You could see 2 killer bees.

Vanquished Creatures
  Maggie (D:7)
  Menkaure (D:5)
  Duvessa (D:5)
  A water moccasin (D:7)
  An orc warrior (D:7)
  A black bear (D:6)
  2 ice beasts
  A centaur (D:6)
  5 ogres
  A phantom (D:5)
  A bullfrog (D:6)
  A scorpion (D:5)
  Dowan (D:5)
  2 killer bees (D:7)
  A howler monkey (D:4)
  A bombardier beetle (D:6)
  4 hounds
  5 orc priests
  4 jellies
  Ijyb (D:3)
  Terence (D:3)
  An iguana (D:4)
  5 orc wizards
  7 gnolls
  10 adders
  2 white imps
  A ribbon worm (D:3)
  A dart slug (D:3)
  14 orcs
  7 endoplasms
  2 giant cockroaches
  5 goblins
  3 hobgoblins
  9 kobolds
  5 quokkas
  7 ball pythons
  4 bats (D:3)
  4 frilled lizards (D:1)
  6 rats
130 creatures vanquished.

Notes
Turn   | Place    | Note
-------+----------+-------------------------------------------
     0 | D:1      | qw the Deep Elf Hunter began the quest for the Orb.
     0 | D:1      | Reached XP level 1. HP: 12/12 MP: 3/3
     0 | D:1      | 0 ||| qw: Version: 0.3-a-155-g5e7d8dd
     0 | D:1      | 0 ||| qw: Game counter: 2393
     0 | D:1      | 0 ||| qw: Melee chars always use a shield: true
     0 | D:1      | 0 ||| qw: God list: Okawaru
     0 | D:1      | 0 ||| qw: Allow faded altars: false
     0 | D:1      | 0 ||| qw: Do Orc after clearing Dungeon:15 true
     0 | D:1      | 0 ||| qw: Do second Lair branch before Depths: true
     0 | D:1      | 0 ||| qw: Lair rune preference: random
     0 | D:1      | 0 ||| qw: Goals: Normal
     0 | D:1      | 0 ||| PLANNING D:1-11
   146 | D:1      | Reached XP level 2. HP: 16/16 MP: 4/4
   151 | D:1      | Found a faded altar of an unknown god.
   170 | D:1      | Reached skill level 6 in Ranged Weapons
   420 | D:1      | 420 ||| UPGRADING to +2 cloak.
   425 | D:1      | 425 ||| UPGRADING to +0 pair of gloves.
   430 | D:1      | 430 ||| READING scroll labelled KUFIMO LAVASK.
   430 | D:1      | 430 ||| ENCHANTING +0 shortbow.
   431 | D:1      | 431 ||| DROPPING scroll of butterflies.
   525 | D:2      | Found a shadowy altar of Dithmenos.
   565 | D:2      | Reached XP level 3. HP: 19/20 MP: 5/5
   584 | D:2      | Identified the +3 mace of Infection {drain, rN+ rCorr Str-4
                  | Int+5}
   689 | D:2      | Reached skill level 7 in Ranged Weapons
  1155 | D:2      | 1155 ||| UPGRADING to +0 ring mail.
  1165 | D:2      | 1165 ||| DROPPING +0 leather armour.
  1166 | D:2      | 1166 ||| READING scroll labelled JICIRECZUSK.
  1166 | D:2      | 1166 ||| ENCHANTING +0 pair of gloves.
  1167 | D:2      | 1167 ||| READING scroll labelled IQOGET SAUNWYU.
  1168 | D:2      | 1168 ||| READING scroll labelled ITHROR QASHRAUDGH.
  1172 | D:2      | 1172 ||| READING 2 scrolls labelled OFEIMM EH TIS.
  1173 | D:2      | 1173 ||| DRINKING 2 brown potions.
  1174 | D:2      | 1174 ||| DROPPING scroll of fear.
  1336 | D:3      | Reached XP level 4. HP: 25/25 MP: 6/6
  1343 | D:3      | Noticed Ijyb
  1354 | D:3      | 1354 ||| DRINKING fizzy yellow potion.
  1354 | D:3      | Gained mutation: You occasionally lose the ability to read
                  | scrolls when taking damage. [potion of mutation]
  1354 | D:3      | Gained mutation: You have a pair of small horns on your
                  | head. [potion of mutation]
  1354 | D:3      | Gained mutation: You are agile. (Dex +4, Str/Int -1)
                  | [potion of mutation]
  1354 | D:3      | Gained mutation: You are covered in fur. (AC +1) [potion of
                  | mutation]
  1355 | D:3      | 1355 ||| DRINKING puce potion.
  1365 | D:3      | Killed Ijyb
  1366 | D:3      | Reached skill level 8 in Ranged Weapons
  1449 | D:3      | Found a sacrificial altar of Ru.
  1606 | D:3      | Noticed Terence
  1618 | D:3      | Killed Terence
  1619 | D:3      | Reached XP level 5. HP: 21/29 MP: 7/7
  1908 | D:3      | 1908 ||| UPGRADING to +3 scale mail.
  1918 | D:3      | 1918 ||| DROPPING +0 ring mail.
  1919 | D:3      | 1919 ||| UPGRADING to +4 ring of protection.
  1953 | D:4      | Noticed an ogre
  1953 | D:4      | Found a staircase to the Ecumenical Temple.
  1954 | D:4      | 1954 ||| PLANNING TEMPLE
  1960 | D:4      | Killed an ogre
  1993 | D:4      | 1993 ||| READING 3 scrolls labelled XACOTHEKOC.
  1994 | D:4      | 1994 ||| DROPPING 2 scrolls of revelation.
  2004 | Temple   | Entered the Ecumenical Temple
  2005 | Temple   | 2005 ||| PLANNING OKAWARU WORSHIP
  2019 | Temple   | Became a worshipper of Warmaster Okawaru
  2020 | Temple   | 2020 ||| PLANNING D:1-11
  2102 | D:4      | Reached XP level 6. HP: 34/34 MP: 8/8
  2186 | D:4      | Reached skill level 9 in Ranged Weapons
  2386 | D:4      | Reached skill level 10 in Ranged Weapons
  2386 | D:4      | Reached XP level 7. HP: 15/40 MP: 9/9
  2541 | D:4      | 2541 ||| READING scroll of enchant armour.
  2541 | D:4      | 2541 ||| ENCHANTING +1 pair of gloves.
  2695 | D:4      | Found an ornate altar of the Wu Jian Council.
  2825 | D:4      | Reached * piety under Okawaru
  3061 | D:4      | 3061 ||| READING scroll labelled OCWYUP GAUSAKK.
  3062 | D:4      | 3062 ||| READING scroll labelled NAQEUROTU REDU.
  3062 | D:4      | 3062 ||| IDENTIFYING golden potion
  3071 | D:5      | Entered Level 5 of the Dungeon
  3102 | D:5      | Reached skill level 1 in Invocations
  3132 | D:5      | Reached skill level 11 in Ranged Weapons
  3195 | D:5      | Noticed Dowan
  3196 | D:5      | Noticed Duvessa
  3201 | D:5      | 3201 ||| INVOKING Heroism.
  3222 | D:5      | Killed Duvessa
  3223 | D:5      | Reached skill level 3 in Dodging
  3223 | D:5      | 3223 ||| INVOKING Heroism.
  3224 | D:5      | Killed Dowan
  3311 | D:5      | Reached skill level 3 in Invocations
  3311 | D:5      | Reached XP level 8. HP: 20/44 MP: 10/12
  3409 | D:5      | 3409 ||| READING scroll of enchant weapon.
  3409 | D:5      | 3409 ||| ENCHANTING +1 shortbow.
  3491 | D:5      | Noticed Menkaure
  3496 | D:5      | Killed Menkaure
  3749 | D:5      | Found a basalt altar of Yredelemnul.
  3750 | D:5      | Identified the +5 spear "Lafeenink" {drain, rPois Str+3
                  | Int+2}
  3752 | D:5      | Found a hide-covered altar of Uskayaw.
  3755 | D:5      | Found a radiant altar of Vehumet.
  3756 | D:5      | Found a bloodstained altar of Trog.
  3888 | D:5      | Reached skill level 12 in Ranged Weapons
  3932 | D:5      | Reached skill level 3 in Fighting
  4110 | D:5      | 4110 ||| UPGRADING to +1 hat.
  4115 | D:5      | 4115 ||| UPGRADING to ring of resist corrosion.
  4116 | D:5      | 4116 ||| UPGRADING to ring of poison resistance.
  4118 | D:5      | 4118 ||| UPGRADING to +4 ring of protection.
  4120 | D:5      | 4120 ||| READING scroll labelled ISICOI MAH QEOH.
  4202 | D:5      | 4202 ||| READING scroll labelled XITHO MUEBUCIRONT.
  4390 | D:6      | Found a shimmering altar of Xom.
  4518 | D:6      | Reached ** piety under Okawaru
  4544 | D:6      | 4544 ||| SWAPPING to +0 orcbow.
  4545 | D:6      | 4545 ||| DROPPING +2 shortbow.
  4602 | D:6      | Reached skill level 13 in Ranged Weapons
  4946 | D:6      | Reached XP level 9. HP: 50/50 MP: 14/14
  4987 | D:6      | 4987 ||| READING 2 scrolls of identify.
  4987 | D:6      | 4987 ||| IDENTIFYING glowing puce potion
  4988 | D:6      | 4988 ||| READING scroll of identify.
  4988 | D:6      | 4988 ||| IDENTIFYING scroll labelled JOUXA XIAPOSM
  4989 | D:6      | 4989 ||| DROPPING scroll of vulnerability.
  5110 | D:7      | Noticed Maggie
  5111 | D:7      | 5111 ||| INVOKING Heroism.
  5115 | D:7      | 5115 ||| DRINKING potion of curing.
  5115 | D:7      | 5115 ||| (to cure confusion)
  5124 | D:7      | Killed Maggie
  5125 | D:7      | Reached skill level 14 in Ranged Weapons
  5388 | D:7      | Reached skill level 15 in Ranged Weapons
  5392 | D:7      | HP: 11/50 [killer bee (7)]
  5393 | D:7      | 5393 ||| READING 5 scrolls of teleportation.
  5393 | D:7      | HP: 3/50 [killer bee (7)]
  5393 | D:7      | Slain by a killer bee

Levels and vault maps discovered:
D:1:      sevenhm_arrival_forest_fort_small_4, layout_rooms,
          shapermc_ecumenical_altar_mp_highgroup,
          chequers_serial_rivers_micro_d, grunt_decor_cap
D:2:      layout_basic, basic_altar, uniq_crazy_yiuf_cottage
D:3:      layout_basic, mainiacjoe_overflow_small_starburst, uniq_ijyb,
          uniq_terence
D:4:      layout_cave_pods, mainiacjoe_overflow_alcove_4,
          minmay_temple_entry_slanted
D:5:      layout_loops_ring, minitemple, wad_floor_pattern_untrapped,
          uniq_menkaure, uniq_duvessa
D:6:      layout_basic, mainiacjoe_overflow_24_doors, minmay_stone_trees_small,
          kennysheep_cross_room
D:7:      layout_gridville, uniq_jeremiah, uniq_maggie
Temple:   nicolae_temple_bog_church

Skill      XL: |  1  2  3  4  5  6  7  8  9 |
---------------+----------------------------+-----
Ranged Weapons | 6 7 8 10 11 13 15 | 15.0
Armour         | 2 |  2.0
Fighting       | 2 3 |  3.0
Invocations    | 3 4 |  4.0
Dodging        | 3 4 |  4.4
Stealth        | |  1.2

Action                     |  1- 3 |  4- 6 |  7- 9 || total
---------------------------+-------+-------+-------++-------
   Fire: Shortbow          |    98 |   136 |   176 ||   410
         Orcbow            |       |       |   115 ||   115
 Invoke: Heroism           |       |       |     3 ||     3
    Use: Scroll            |     5 |     1 |     9 ||    15
         Potion            |     1 |     2 |     1 ||     4
 Armour: Leather armour    |    17 |       |       ||    17
         Ring mail         |       |    38 |       ||    38
         Scale mail        |       |    35 |   221 ||   256
  Dodge: Dodged            |    17 |    52 |    95 ||   164

Table legend:
 A = Non-vault XP
 B = Vault XP
 C = Vault XP percentage of total XP
 D = Non-vault monster count
 E = Vault monster count
 F = Vault count percentage of total count
                 A         B        C        D         E       F
            +---------+---------+-------+---------+---------+-------
      Total |    3022 |     835 |  21.6 |     124 |       6 |   4.6
            +---------+---------+-------+---------+---------+-------
        D:1 |      33 |       0 |   0.0 |      22 |       0 |   0.0
        D:2 |      41 |       0 |   0.0 |      11 |       0 |   0.0
        D:3 |      94 |      75 |  44.4 |      19 |       2 |   9.5
        D:4 |     653 |       0 |   0.0 |      27 |       0 |   0.0
        D:5 |     818 |     384 |  31.9 |      24 |       3 |  11.1
        D:6 |     759 |       0 |   0.0 |      13 |       0 |   0.0
        D:7 |     624 |     376 |  37.6 |       8 |       1 |  11.1
            +---------+---------+-------+---------+---------+-------
